cohdb
Replays
Latest Replays
All Replays
Popular Replays
Top Player Replays
Match Explorer
How It Works
Community
CoH3 Stats
Reddit
Sign in to upload your games and track your stats! →
Sign in with Steam
Match 43593359
Unlisted
Match 43593359
Overview
Messages
Build Orders
End
Pioneer Squad
Construct Infanterie Kompanie
Pioneer Squad
Selects Terror Battlegroup
Selects Machine Gun Camouflage
MG 42 Machine Gun Team
Grenadier Squad
MG 42 Machine Gun Team
Construct Luftwaffe Kompanie
221 Scout Car
Flak 30 Anti-aircraft Gun Team
Selects Interrogate
Jäger Squad
Grenadier Squad
Jäger Squad
Pioneer Squad
Construct Panzer Kompanie
Selects Propaganda Leaflet Drop
Panzer IV Medium Tank
Selects V1 Rocket Strike
Pioneer Squad
V1 Rocket Strike
Jopjahh
Newbie4life!!!
0
0
Comments
sign in to comment!
No comments posted yet!